 Dungeon Crawl Stone Soup version 0.27-a0-577-ge2a43ba0c9 (webtiles) character file.

Game seed: 3055205774407894541

1646 sanka the Thaumaturge (level 8, 0/60 HPs)
             Began as a Gnoll Hedge Wizard on Mar 9, 2021.
             Slain by a hornet zombie (8 damage)
             ... on level 6 of the Dungeon.
             The game lasted 00:11:17 (9282 turns).

sanka the Thaumaturge (Gnoll Hedge Wizard)          Turns: 9282, Time: 00:11:17

Health: 0/60       AC:  3    Str: 11    XL:     8   Next: 99%
Magic:  20/20      EV: 15    Int: 20    God:
Gold:   284        SH:  0    Dex: 18    Spells: 18/23 levels left

rFire    + . .     SeeInvis .   z - +6 falchion "Laenubb" {freeze, rF+}
rCold    . . .     Faith    .   (no shield)
rNeg     . . .     Spirit   .   A - +0 steam dragon scales
rPois    .         Reflect  .   c - +0 hat
rElec    .         Harm     .   y - +0 cloak
rCorr    .         Rampage  .   (no gloves)
Will     .....                  (no boots)
Stlth    +++.......             (no amulet)
HPRegen  0.20/turn              j - +6 ring of intelligence
MPRegen  0.17/turn              w - +6 ring of dexterity

@: corroded
A: fangs 1, strong nose, distributed training
a: no special abilities


You were on level 6 of the Dungeon.
You visited 1 branch of the dungeon, and saw 6 of its levels.

You collected 284 gold pieces.


Innate Abilities, Weirdness & Mutations

You have very sharp teeth.
Your uncanny sense of smell can sniff out nearby items.
Your experience applies equally to all skills.


   Skills:
 + Level 3.7 Fighting
 + Level 3.7 Short Blades
 + Level 3.7 Long Blades
 + Level 3.7 Axes
 + Level 3.7 Maces & Flails
 + Level 3.7 Polearms
 + Level 3.7 Staves
 + Level 3.7 Slings
 + Level 3.7 Bows
 + Level 3.7 Crossbows
 + Level 3.7 Throwing
 + Level 3.7 Armour
 + Level 6.0 Dodging
 + Level 5.7 Stealth
 + Level 3.7 Shields
 + Level 3.7 Unarmed Combat
 + Level 8.1 Spellcasting
 + Level 3.8 Conjurations
 + Level 3.1 Hexes
 + Level 3.8 Summonings
 + Level 3.1 Necromancy
 + Level 3.8 Translocations
 + Level 3.1 Transmutations
 + Level 3.1 Fire Magic
 + Level 3.1 Ice Magic
 + Level 3.1 Air Magic
 + Level 3.1 Earth Magic
 + Level 3.1 Poison Magic
 + Level 4.1 Invocations
 + Level 3.7 Evocations


You had 18 spell levels left.
You knew the following spells:

 Your Spells              Type           Power      Damage    Failure   Level
b - Blink                 Tloc           N/A        N/A       2%          2
x - Call Imp              Summ           23%        N/A       2%          2
z - Magic Dart            Conj           92%        1d7       1%          1

Your spell library contained the following spells:

 Spells                   Type           Power      Damage    Failure   Level
 Slow                     Hex            20%        N/A       3%          2
 Conjure Flame            Conj/Fire      22%        6-21      6%          3
 Mephitic Cloud           Conj/Pois/Air  21%        N/A       6%          3

Inventory:

Hand Weapons
 a - a +0 dagger
 l - a +1 short sword of electrocution
 q - a +2 dagger of venom
 t - a +3 great sword of freezing
 z - the +6 falchion "Laenubb" (weapon) {freeze, rF+}

   It has been specially enchanted to freeze those struck by it, causing extra
   injury to most foes and up to half again as much damage against particularly
   susceptible opponents.
   It can also slow down cold-blooded creatures.
   It protects you from fire.
Armour
 c - a +0 hat (worn)
 y - a +0 cloak (worn)
 A - +0 steam dragon scales (worn)
Jewellery
 j - a +6 ring of intelligence (left hand)
 w - a +6 ring of dexterity (right hand)
Scrolls
 e - a scroll of fear {unknown}
 f - a scroll of enchant armour {unknown}
 g - 4 scrolls of amnesia {unknown}
 h - 2 scrolls of enchant weapon {unknown}
 k - 3 scrolls of teleportation {unknown}
 m - 6 scrolls of identify {unknown}
 o - 2 scrolls of fog {unknown}
 r - a scroll of immolation {unknown}
 s - 2 scrolls of random uselessness {unknown}
 v - 2 scrolls of magic mapping {unknown}
Potions
 d - 2 potions of might {unknown}
 i - 2 potions of curing {unknown}
 n - a potion of invisibility {unknown}
 p - a potion of cancellation {unknown}
 u - a potion of haste {unknown}
 x - a potion of heal wounds {unknown}

Dungeon Overview and Level Annotations

Branches:
Dungeon (6/15)
 Temple: D:4-7

Altars:
Cheibriados
Nemelex Xobeh
Trog
Zin
The Shining One

Shops:
D:4

: ▒...##y##...▒..
▒....###....▒..
▒...........▒..
▒▒▒▒.........▒▒..
▒..▒▒...†...▒▒...
▒...▒▒▒▒.▒▒▒▒▒...
▒...▒.▒▒.▒▒..▒...
.▒.▒▒▒▒▒...▒............
......{g................
.▒.▒..Z#................
.....▒▒▒▒▒▒▒▒▒▒▒▒▒.▒....
...▒.▒.MZ........▒.▒....
.. ▒.▒...........▒.▒▒...
. ▒.▒..▒▒▒.▒▒▒..▒.▒▒..▒
▒.▒..▒ ▒.▒ ▒..▒.▒▒..▒
..▒... ... ..[▒..▒.>.
...£▒©...▒▒


You could see a mummy, a worker ant simulacrum and a hornet zombie.


Message History

The acid corrodes you!
Your hands burn!
* * * LOW HITPOINT WARNING * * *
The jelly is severely wounded.
The jelly closely misses you. Something hits you.
* * * LOW HITPOINT WARNING * * *
The jelly closely misses you.
You hit the jelly but do no damage.
Your hands burn!
* * * LOW HITPOINT WARNING * * *
The jelly is severely wounded.
Something hits you.
* * * LOW HITPOINT WARNING * * *
The jelly misses you.
Unknown command.
You hit the jelly. You freeze the jelly.
You kill the jelly!
Something hits you.
* * * LOW HITPOINT WARNING * * *
You closely miss the hornet zombie.
The hornet zombie is moderately damaged.
The hornet zombie barely misses you.
You hear some strange, mumbled words.
A magic dart appears from out of thin air!
The magic dart hits you!
* * * LOW HITPOINT WARNING * * *
The hornet zombie hits you!
You die...

Action                   |  1- 3 |  4- 6 |  7- 9 || total
-------------------------+-------+-------+-------++-------
Melee: Short sword       |       |    22 |   100 ||   122
       Bite              |       |     3 |    13 ||    16
       Dagger            |       |     1 |       ||     1
       Punch             |       |       |     1 ||     1
       Falchion          |       |       |    40 ||    40
 Cast: Magic Dart        |    73 |   220 |    78 ||   371
       Call Imp          |     1 |     1 |    21 ||    23
 Stab: Sleeping          |       |       |     2 ||     2
Armor: Robe              |     3 |    18 |     4 ||    25
       Steam dragon scal |       |       |     4 ||     4
Dodge: Dodged            |    13 |    40 |    95 ||   148
       Rpst.: Falchion   |       |       |    11 ||    11

Levels and vault maps discovered:
D:1:      lemuel_arrival_lava_pool, layout_basic
D:2:      layout_loops_cross, lemuel_coloured_pillars_altar
D:3:      minmay_diamond_boxcup, layout_rooms,
          chequers_temple_overflow_statue_of_worship
D:4:      layout_layer_cave, serial_shops, nicolae_shop_crystal
D:5:      layout_loops_ring, uniq_prince_ribbit1, uniq_crazy_yiuf_cottage,
          uniq_blork_the_orc
D:6:      layout_basic, gammafunk_ghost_mausoleum, basic_altar, tgw_trog,
          uniq_maggie

Notes
Turn   | Place    | Note
-------+----------+-------------------------------------------
     0 | D:1      | sanka the Gnoll Hedge Wizard began the quest for the Orb.
     0 | D:1      | Reached XP level 1. HP: 13/13 MP: 8/8
    55 | D:1      | Reached skill level 2 in Conjurations
    55 | D:1      | Reached skill level 2 in Summonings
    55 | D:1      | Reached skill level 2 in Translocations
    55 | D:1      | Reached XP level 2. HP: 17/19 MP: 1/10
   125 | D:1      | Learned a level 2 spell: Call Imp
   128 | D:1      | Learned a level 2 spell: Blink
   550 | D:1      | Reached XP level 3. HP: 25/25 MP: 7/11
  1050 | D:2      | Reached skill level 1 in Invocations
  1387 | D:2      | Reached skill level 1 in Fighting
  1387 | D:2      | Reached skill level 1 in Short Blades
  1387 | D:2      | Reached skill level 1 in Long Blades
  1387 | D:2      | Reached skill level 1 in Axes
  1387 | D:2      | Reached skill level 1 in Maces & Flails
  1387 | D:2      | Reached skill level 1 in Polearms
  1387 | D:2      | Reached skill level 1 in Staves
  1387 | D:2      | Reached skill level 1 in Slings
  1387 | D:2      | Reached skill level 1 in Bows
  1387 | D:2      | Reached skill level 1 in Crossbows
  1387 | D:2      | Reached skill level 1 in Throwing
  1387 | D:2      | Reached skill level 1 in Armour
  1387 | D:2      | Reached skill level 1 in Shields
  1387 | D:2      | Reached skill level 1 in Unarmed Combat
  1387 | D:2      | Reached skill level 1 in Evocations
  1524 | D:2      | Reached XP level 4. HP: 16/32 MP: 5/13
  1836 | D:2      | Found a sparkling altar of Nemelex Xobeh.
  2402 | D:2      | Reached skill level 1 in Hexes
  2402 | D:2      | Reached skill level 1 in Necromancy
  2402 | D:2      | Reached skill level 1 in Transmutations
  2402 | D:2      | Reached skill level 1 in Fire Magic
  2402 | D:2      | Reached skill level 1 in Ice Magic
  2402 | D:2      | Reached skill level 1 in Air Magic
  2402 | D:2      | Reached skill level 1 in Earth Magic
  2402 | D:2      | Reached skill level 1 in Poison Magic
  2677 | D:3      | Found a glowing silver altar of Zin.
  2677 | D:3      | Found a snail-covered altar of Cheibriados.
  2677 | D:3      | Found a glowing golden altar of the Shining One.
  2844 | D:3      | Reached XP level 5. HP: 37/37 MP: 8/14
  4287 | D:4      | Reached skill level 2 in Invocations
  4287 | D:4      | Reached XP level 6. HP: 39/44 MP: 10/16
  4642 | D:4      | Reached skill level 5 in Dodging
  5122 | D:4      | Reached skill level 2 in Fighting
  5122 | D:4      | Reached skill level 2 in Short Blades
  5122 | D:4      | Reached skill level 2 in Long Blades
  5122 | D:4      | Reached skill level 2 in Axes
  5122 | D:4      | Reached skill level 2 in Maces & Flails
  5122 | D:4      | Reached skill level 2 in Polearms
  5122 | D:4      | Reached skill level 2 in Staves
  5122 | D:4      | Reached skill level 2 in Slings
  5122 | D:4      | Reached skill level 2 in Bows
  5122 | D:4      | Reached skill level 2 in Crossbows
  5122 | D:4      | Reached skill level 2 in Throwing
  5122 | D:4      | Reached skill level 2 in Armour
  5122 | D:4      | Reached skill level 2 in Shields
  5122 | D:4      | Reached skill level 2 in Unarmed Combat
  5122 | D:4      | Reached skill level 2 in Evocations
  5298 | D:4      | Reached XP level 7. HP: 45/50 MP: 12/18
  5367 | D:4      | Found Maxeulo's Book Boutique.
  5869 | D:4      | Reached skill level 2 in Hexes
  5869 | D:4      | Reached skill level 2 in Necromancy
  5869 | D:4      | Reached skill level 2 in Transmutations
  5869 | D:4      | Reached skill level 2 in Fire Magic
  5869 | D:4      | Reached skill level 2 in Ice Magic
  5869 | D:4      | Reached skill level 2 in Air Magic
  5869 | D:4      | Reached skill level 2 in Earth Magic
  5869 | D:4      | Reached skill level 2 in Poison Magic
  5876 | D:4      | Reached skill level 3 in Conjurations
  5876 | D:4      | Reached skill level 3 in Summonings
  5876 | D:4      | Reached skill level 3 in Translocations
  6555 | D:5      | Entered Level 5 of the Dungeon
  6753 | D:5      | Reached skill level 5 in Stealth
  6969 | D:5      | Reached skill level 3 in Invocations
  6978 | D:5      | Noticed Blork the orc
  6987 | D:5      | Killed Blork the orc
  7136 | D:5      | HP: 3/51 [orc priest/nerve-wracking pain (6)]
  7139 | D:5      | Reached XP level 8. HP: 3/57 MP: 19/19
  7714 | D:5      | Noticed Prince Ribbit
  7749 | D:5      | HP: 2/57 [Prince Ribbit (13)]
  7753 | D:5      | Killed Prince Ribbit
  7754 | D:5      | Reached skill level 3 in Fighting
  7754 | D:5      | Reached skill level 3 in Short Blades
  7754 | D:5      | Reached skill level 3 in Long Blades
  7754 | D:5      | Reached skill level 3 in Axes
  7754 | D:5      | Reached skill level 3 in Maces & Flails
  7754 | D:5      | Reached skill level 3 in Polearms
  7754 | D:5      | Reached skill level 3 in Staves
  7754 | D:5      | Reached skill level 3 in Slings
  7754 | D:5      | Reached skill level 3 in Bows
  7754 | D:5      | Reached skill level 3 in Crossbows
  7754 | D:5      | Reached skill level 3 in Throwing
  7754 | D:5      | Reached skill level 3 in Armour
  7754 | D:5      | Reached skill level 3 in Shields
  7754 | D:5      | Reached skill level 3 in Unarmed Combat
  7754 | D:5      | Reached skill level 3 in Evocations
  8145 | D:5      | Identified the +6 falchion "Laenubb" {freeze, rF+}
  8488 | D:5      | Found a runed translucent door.
  8489 | D:5      | Noticed Crazy Yiuf
  8556 | D:5      | Killed Crazy Yiuf
  8703 | D:6      | Identified +0 steam dragon scales
  8703 | D:6      | Noticed Maggie
  8722 | D:6      | Reached skill level 8 in Spellcasting
  8723 | D:6      | HP: 4/58 [Maggie/+1 vorpal morningstar (2)]
  8725 | D:6      | Killed Maggie
  8726 | D:6      | Reached skill level 4 in Invocations
  9125 | D:6      | Noticed a moth of wrath
  9128 | D:6      | Found a bloodstained altar of Trog.
  9149 | D:6      | Reached skill level 3 in Hexes
  9149 | D:6      | Reached skill level 3 in Necromancy
  9149 | D:6      | Reached skill level 3 in Transmutations
  9149 | D:6      | Reached skill level 3 in Fire Magic
  9149 | D:6      | Reached skill level 3 in Ice Magic
  9149 | D:6      | Reached skill level 3 in Air Magic
  9149 | D:6      | Reached skill level 3 in Earth Magic
  9149 | D:6      | Reached skill level 3 in Poison Magic
  9273 | D:6      | Reached skill level 6 in Dodging
  9282 | D:6      | Slain by a hornet zombie

Vanquished Creatures
  Prince Ribbit (D:5)
  An orc warrior (D:6)
  A centaur (D:5)
  A phantom (D:4)
  Blork the orc (D:5)
  A water moccasin zombie (D:6)
  A scorpion (D:5)
  5 wights (D:4)
  2 jellies
  A centaur zombie (D:5)
  2 hounds
  An orc priest (D:5)
  6 worker ants
  Crazy Yiuf (D:5)
  An iguana (D:5)
  A hound skeleton (D:5)
  A gnoll (D:3)
  10 adders
  3 oozes
  2 adder skeletons (D:4)
  4 worms
  2 dart slugs
  2 leopard geckos
  13 orcs
  13 bats
  6 giant cockroaches
  16 goblins
  9 hobgoblins
  9 jackals
  2 quokkas
  A ball python (D:2)
  A ball python skeleton (D:3)
  6 frilled lizards
  11 kobolds
  A quokka skeleton (D:4)
  7 rats
146 creatures vanquished.

Vanquished Creatures (collateral kills)
  Maggie (D:6)
  An orc priest (D:6)
  An orc (D:5)
3 creatures vanquished.

Grand Total: 149 creatures vanquished
